 Dungeon Crawl Stone Soup version 0.28.0-45-g0d030f2227 (webtiles) character file.

Game seed: 15664167900569157373

823 Iusername the Covered (level 7, -8/61 HPs)
             Began as a Minotaur Fighter on Apr 4, 2022.
             Was an Initiate of Dithmenos.
             Mangled by Edmund
             ... wielding a +7 dire flail of holy wrath
              (13 damage)
             ... on level 5 of the Dungeon.
             The game lasted 00:12:56 (5313 turns).

Iusername the Covered (Minotaur Fighter)            Turns: 5313, Time: 00:12:57

Health: -8/61      AC:  7    Str: 20    XL:     7   Next: 63%
Magic:  6/6        EV: 10    Int: 11    God:    Dithmenos [......]
Gold:   305        SH:  5    Dex: 12    Spells: 6/6 levels left

rFire   . . .      SeeInvis .   a - +0 trident
rCold   . . .      Faith    .   c - +0 buckler
rNeg    . . .      Spirit   .   b - +0 scale mail
rPois   .          Reflect  .   (helmet restricted)
rElec   .          Harm     .   (no cloak)
rCorr   .          Rampage  .   (no gloves)
Will    .....                   (no boots)
Stlth   ..........              n - amulet of the acrobat
HPRegen 0.20/turn               f - +6 ring of intelligence
MPRegen 0.10/turn               (no ring)

@: mighty
A: horns 2, retaliatory headbutt
a: Renounce Religion


You were on level 5 of the Dungeon.
You worshipped Dithmenos.
Dithmenos was noncommittal.
You visited 1 branch of the dungeon, and saw 5 of its levels.

You collected 305 gold pieces.

Inventory:

Hand Weapons
 a - a +0 trident (weapon)
Missiles
 h - 2 boomerangs
Armour
 b - a +0 scale mail (worn)
 c - a +0 buckler (worn)
Jewellery
 f - a +6 ring of intelligence (left hand)
 g - an amulet of magic regeneration
 n - an amulet of the acrobat (around neck)
 t - a +6 ring of dexterity
Wands
 l - a wand of charming (2)
 m - a wand of digging (1)
 s - a wand of flame (12) (quivered)
 v - a wand of iceblast (7)
Scrolls
 e - 2 scrolls of teleportation {unknown}
 j - 5 scrolls of identify {unknown}
 k - a scroll of magic mapping {unknown}
 o - a scroll of immolation {unknown}
 q - a scroll of summoning {unknown}
 u - a scroll of amnesia {unknown}
 w - a scroll of vulnerability {unknown}
Potions
 d - a potion of might
 i - 2 potions of attraction {unknown}
 p - a potion of heal wounds {unknown}
 r - a potion of haste {unknown}


   Skills:
 + Level 5.0 Fighting
 + Level 6.1 Polearms
 + Level 0.5 Throwing
 + Level 7.2 Armour
 + Level 2.3 Dodging
 + Level 0.2 Stealth
 + Level 5.1 Shields


You had 6 spell levels left.
You didn't know any spells.
Your spell library contained the following spells:

 Spells                   Type           Power      Damage    Failure   Level
 Ensorcelled Hibernation  Hex/Ice        0%         N/A       87%         2
 Passwall                 Tmut/Erth      0%         N/A       87%         2
 Swiftness                Air            0%         N/A       98%         3


Dungeon Overview and Level Annotations

Branches:
Dungeon (5/15)
 Temple: D:4-7

Altars:
Ashenzari
Dithmenos
Gozag
Uskayaw
Wu Jian
Zin

Shops:
D:3 =   D:4 **

Annotations:
D:5 Edmund


Innate Abilities, Weirdness & Mutations

You have a pair of horns on your head.
You reflexively headbutt those who attack you in melee.


Message History

There is a shadowy altar of Dithmenos here.
There are no items here.
Reach: a) +0 trident
Press: ? - help, Dir - move target, f - you You kneel at the altar of Dithmenos.
Dithmenos welcomes you!
Okay, then.
There is a hide-covered altar of Uskayaw here.
Edmund the Younger comes into view.
He is wielding a +7 dire flail of holy wrath.
Edmund shouts!
You hit Edmund. Your headbutt misses Edmund.
Edmund is lightly wounded.
Edmund hits you with a +7 dire flail of holy wrath!
You barely miss Edmund. Your headbutt misses Edmund.
Edmund is lightly wounded.
Edmund closely misses you.
You closely miss Edmund.
Edmund is lightly wounded.
Edmund hits you with a +7 dire flail of holy wrath!
You hit Edmund.
Edmund is lightly wounded.
Edmund hits you with a +7 dire flail of holy wrath!
You closely miss Edmund. You headbutt Edmund.
Edmund is lightly wounded.
Edmund barely misses you.
You closely miss Edmund.
Edmund is lightly wounded.
Edmund hits you with a +7 dire flail of holy wrath!
* * * LOW HITPOINT WARNING * * *
You feel very mighty all of a sudden.
Edmund hits you with a +7 dire flail of holy wrath!
* * * LOW HITPOINT WARNING * * *
You are too injured to fight recklessly!
You completely miss Edmund.
Edmund is lightly wounded.
You block Edmund's attack.
You hit Edmund but do no damage.
Edmund is lightly wounded.
Edmund hits you with a +7 dire flail of holy wrath!
You die...

#.... #. .. #....##
#.....# ...$.###
### #####.#...#
...# #......@#.#
...#
##...#.#@..####...#
........._......$.+
..................#
..................#
####.....8.._.....#
##.............#
##._.......#.##
#.......###†##
###..........#####


You could see Edmund.

Vanquished Creatures
  An ice beast (D:5)
  A sky beast (D:3)
  2 phantoms (D:4)
  A bullfrog (D:5)
  A water moccasin skeleton (D:4)
  2 hounds (D:4)
  2 iguanas
  Ijyb (D:3)
  2 orc wizards (D:2)
  4 gnolls
  7 adders
  An ufetubus (D:4)
  3 worms
  4 dart slugs
  2 orcs (D:2)
  4 bats
  11 endoplasms
  2 giant cockroaches (D:4)
  5 goblins
  8 hobgoblins
  6 jackals
  9 kobolds
  2 quokkas (D:3)
  2 ball pythons
  3 frilled lizards
  2 rats
88 creatures vanquished.

Notes
Turn   | Place    | Note
-------+----------+-------------------------------------------
     0 | D:1      | Iusername the Minotaur Fighter began the quest for the Orb.
     0 | D:1      | Reached XP level 1. HP: 19/19 MP: 0/0
   189 | D:1      | Reached XP level 2. HP: 23/27 MP: 1/1
   233 | D:1      | Found a faded altar of an unknown god.
   433 | D:1      | Reached skill level 4 in Armour
   632 | D:1      | Reached XP level 3. HP: 25/33 MP: 2/2
  2001 | D:2      | Reached XP level 4. HP: 33/40 MP: 3/3
  2008 | D:2      | Reached skill level 5 in Armour
  2356 | D:3      | Noticed Ijyb
  2385 | D:3      | Killed Ijyb
  2386 | D:3      | Reached XP level 5. HP: 14/46 MP: 4/4
  2772 | D:3      | Found an opulent altar of Gozag.
  2870 | D:3      | Found Weack's Jewellery Emporium.
  2898 | D:3      | Found a broken altar of Ashenzari.
  3106 | D:3      | Found a glowing silver altar of Zin.
  3387 | D:3      | Noticed a sky beast
  3407 | D:3      | Killed a sky beast
  3408 | D:3      | Reached skill level 1 in Dodging
  3408 | D:3      | Reached XP level 6. HP: 36/53 MP: 5/5
  3858 | D:4      | Reached skill level 6 in Armour
  3983 | D:4      | Reached skill level 5 in Polearms
  3983 | D:4      | Reached XP level 7. HP: 42/60 MP: 6/6
  4633 | D:4      | Reached skill level 5 in Shields
  4641 | D:4      | Found Vadeim's General Store.
  4647 | D:4      | Found Gefophe's Specific Store.
  5236 | D:5      | Entered Level 5 of the Dungeon
  5260 | D:5      | Reached skill level 7 in Armour
  5264 | D:5      | Found a hide-covered altar of Uskayaw.
  5271 | D:5      | Reached skill level 5 in Fighting
  5281 | D:5      | Found a shadowy altar of Dithmenos.
  5284 | D:5      | Found an ornate altar of the Wu Jian Council.
  5290 | D:5      | Became a worshipper of Dithmenos the Shadowed
  5302 | D:5      | Noticed Edmund
  5313 | D:5      | Mangled by Edmund

Illustrated notes

Levels and vault maps discovered:
D:1:      onia_arrival_mini_spirals, layout_loops_ring,
          shapermc_ecumenical_altar_pompeii, chequers_avenue,
          chequers_mini_garden, chequers_arboretum, minmay_fountain_box
D:2:      layout_basic
D:3:      layout_loops_ring, pdpol_temple_overflow_zin_treasury_gozag_greed,
          mainiacjoe_overflow_catwalk, serial_shops, shop,
          corexii_leaking_fountain, uniq_ijyb
D:4:      layout_loops_corners, wad_woods_river_04,
          minmay_misc_feat_secret_circle, nicolae_specific_store,
          hangedman_decor_opposing
D:5:      layout_basic, grunt_temple_overflow_open, grunt_ministairs_15,
          patterned_corridor, uniq_edmund, uniq_sigmund,
          uniq_crazy_yiuf_cottage, uniq_pikel

Skill      XL: |  1  2  3  4  5  6  7 |
---------------+----------------------+-----
Armour         | 4 5 6 7 |  7.2
Shields        | 4 5 |  5.1
Fighting       | 4 5 |  5.0
Polearms       | 3 4 5 6 |  6.1
Dodging        | 1 2 |  2.3
Throwing       | |  0.5
Stealth        | |  0.2

Action                   |  1- 3 |  4- 6 |  7- 9 || total
-------------------------+-------+-------+-------++-------
Melee: Trident           |    67 |   119 |    51 ||   237
       Headbutt          |    14 |    21 |     7 ||    42
Throw: Boomerang         |     7 |       |       ||     7
Evoke: Wand              |       |       |     1 ||     1
  Use: Potion            |       |     1 |     1 ||     2
Armor: Scale mail        |    31 |    71 |     7 ||   109
Dodge: Dodged            |    28 |    70 |    45 ||   143
Block: Buckler           |    18 |    26 |    13 ||    57
